 Dungeon Crawl Stone Soup version 0.20.1-1-g8b1a95d (webtiles) character file.

410 gobwax the Chopper (level 6, -6/55 HPs)
             Began as a Hill Orc Fighter on July 18, 2017.
             Was a Follower of Beogh.
             Mangled by an orc warrior
             ... wielding a +0 halberd
              (14 damage)
             ... on level 6 of the Dungeon on July 21, 2017.
             The game lasted 00:14:16 (2751 turns).

gobwax the Chopper (Hill Orc Fighter)               Turns: 2751, Time: 00:14:16

Health: -6/55      AC:  9    Str: 18 (21) XL:     6   Next: 89%
Magic:  6/6        EV:  9    Int: 13      God:    Beogh [*.....]
Gold:   124        SH:  4    Dex:  7 (10) Spells: 5/5 levels left

rFire    . . .     SeeInvis .   a - +0 war axe
rCold    . . .     Gourm    .   i - +0 buckler
rNeg     . . .     Faith    .   b - +0 scale mail
rPois    .         Spirit   .   (no helmet)
rElec    .         Reflect  .   j - +1 cloak
rCorr    .         Harm     .   (no gloves)
MR       .....                  (no boots)
Stlth    ..........             n - amulet of regeneration (curse)
Regen    0.6/turn               (no ring)
MPRegen  0.1/turn               (no ring)

@: brilliant
A: no striking features
a: Renounce Religion


You were on level 6 of the Dungeon.
You worshipped Beogh.
Beogh was aware of your devotion.
You were not hungry.

You visited 1 branch of the dungeon, and saw 4 of its levels.

You collected 124 gold pieces.

Inventory:

Hand Weapons
 a - a +0 war axe (weapon)
Armour
 b - a +0 scale mail (worn)
 i - a +0 buckler (worn)
 j - a +1 cloak (worn)
Jewellery
 n - a cursed amulet of regeneration (around neck)
Wands
 d - a wand of random effects (25/48)
Scrolls
 c - a scroll of blinking {unknown}
 e - a scroll of enchant armour {unknown}
 g - a scroll of fog {unknown}
 h - a scroll of remove curse {unknown}
 l - 2 scrolls of random uselessness {unknown}
 q - a scroll of teleportation {unknown}
Comestibles
 f - 5 bread rations
 m - 3 royal jellies
 o - 4 fruits


   Skills:
 - Level 4.8 Fighting
 * Level 7.0 Axes
 - Level 4.6 Armour
 - Level 1.3 Dodging
 - Level 0.5 Stealth
 - Level 3.3 Shields


You had 5 spell levels left.
You didn't know any spells.

Dungeon Overview and Level Annotations

Branches:
Dungeon (3/15)

Altars:
Ru


Message History

The orc warrior hits you with a halberd!!
You slash the orc warrior!
The orc warrior is heavily wounded.
The orc warrior hits you with a halberd.
The orc wizard gestures wildly while chanting.
The orc wizard flickers and vanishes!
Deactivating autopickup; reactivate with Ctrl-A.
You hit the orc warrior but do no damage.
The orc warrior is heavily wounded.
The orc warrior hits you with a halberd!
You hit the orc warrior but do no damage.
The orc warrior is heavily wounded.
The orc warrior hits you with a halberd!
* * * LOW HITPOINT WARNING * * *
A worm comes into view.
You hit the orc warrior but do no damage.
The orc warrior is heavily wounded.
The orc warrior hits you with a halberd!
You die...
Beogh appreciates the orc warrior's killing of a heretic priest.

####
#$. #.#
#.# #@#
#o# #.#
#o#
#####.#
#oo)w.#
#o#####
#


You could see an orc warrior, a worm and an orc.

Vanquished Creatures
  Sigmund (D:2)
  A howler monkey (D:6)
  The ghost of tirato the Insei, a weakling OpTm (D:3)
  Crazy Yiuf (D:3)
  Jessica (D:3)
  4 adders
  3 worms
  A dart slug (D:1)
  4 leopard geckos
  3 orcs
  11 bats
  5 giant cockroaches
  7 goblins
  7 hobgoblins
  2 jackals (D:2)
  8 kobolds
  A quokka (D:3)
  2 ball pythons
  3 frilled lizards
  11 rats
77 creatures vanquished.

Vanquished Creatures (others)
  An orc (D:3)
  A goblin (D:3)
  A quokka (D:3)
3 creatures vanquished.

Grand Total: 80 creatures vanquished

Notes
Turn   | Place    | Note
-------+----------+-------------------------------------------
     0 | D:1      | gobwax the Hill Orc Fighter began the quest for the Orb.
     0 | D:1      | Reached XP level 1. HP: 19/19 MP: 1/1
   160 | D:1      | Reached XP level 2. HP: 25/27 MP: 2/2
   394 | D:1      | Reached skill level 3 in Axes
  1029 | D:2      | Noticed Sigmund
  1040 | D:2      | Reached XP level 3. HP: 33/33 MP: 3/3
  1056 | D:2      | Killed Sigmund
  1056 | D:2      | Reached skill level 4 in Axes
  1056 | D:2      | Reached skill level 1 in Dodging
  1056 | D:2      | Reached XP level 4. HP: 14/41 MP: 4/4
  1056 | D:2      | Reached XP level 5. HP: 16/47 MP: 5/5
  1272 | D:2      | Reached skill level 5 in Axes
  1701 | D:2      | Reached XP level 6. HP: 53/53 MP: 6/6
  1781 | D:3      | Noticed Jessica
  1787 | D:3      | Killed Jessica
  1799 | D:3      | Noticed tirato's ghost (weakling OpTm)
  1810 | D:3      | Killed tirato's ghost
  1810 | D:3      | Reached skill level 6 in Axes
  1859 | D:3      | Became a worshipper of Beogh the Brigand
  1901 | D:3      | Found a faded altar of an unknown god.
  2106 | D:3      | Found a sacrificial altar of Ru.
  2398 | D:3      | Reached * piety under Beogh
  2563 | D:3      | Found a runed door.
  2666 | D:3      | Noticed Crazy Yiuf
  2671 | D:3      | Killed Crazy Yiuf
  2728 | D:3      | You fall through a shaft for 3 floors!
  2732 | D:6      | Reached skill level 7 in Axes
  2737 | D:6      | Noticed an orc warrior
  2751 | D:6      | Mangled by an orc warrior

Skill      XL: |  1  2  3  4  5  6 |
---------------+-------------------+-----
Axes           | 3 4 5 7 |  7.0
Fighting       | 4 |  4.8
Armour         | 4 |  4.6
Dodging        | 1 |  1.3
Stealth        | |  0.5
Shields        | |  3.3

Action                   |  1- 3 |  4- 6 || total
-------------------------+-------+-------++-------
Melee: War axe           |    93 |   182 ||   275
Invok: Convert to Beogh  |       |     1 ||     1
  Use: Potion            |     2 |     4 ||     6
  Eat: Chunk             |       |     6 ||     6
Armor: Scale mail        |    48 |    84 ||   132
Dodge: Dodged            |    46 |   108 ||   154
Block: Shield            |    13 |       ||    13
       Buckler           |       |    15 ||    15
